 Dungeon Sprint DCSS version 0.31-a0-841-g038b102fc3 (webtiles) character file.

Game seed: 7219524550578462781

16412 sircluck the Brawler (level 12, -5/141 HPs)
             Began as a Troll Berserker on Sept 27, 2023.
             Was the Champion of Trog.
             Slain by a black draconian knight
             ... wielding a +1 halberd of protection
              (14 damage)
             ... in the Dungeon (Sprint VII: "The Pits").
             The game lasted 00:05:25 (1813 turns).

sircluck the Brawler (Troll Berserker)              Turns: 1813, Time: 00:05:25

Health: -5/141     AC: 11    Str: 32    XL:     12   Next: 9%
Magic:  11/11      EV: 17    Int:  3    God:    Trog [******]
Gold:   36         SH:  0    Dex:  9    Spells: 11/11 levels left

rFire   . .          .
                       - Unarmed
rCold   . . .        (no shield)
rNeg    . . .        r - +3 troll leather armour
rPois   .            (helmet restricted)
rElec   .            o - +1 cloak
rCorr   .            (gloves unavailable)
SInv    .            (boots unavailable)
Will    .....        (no amulet)
Stlth   +            k - +3 ring of evasion
HPRegen 2.03/turn    (no ring)
MPRegen 0.12/turn

%: no teleportation
@: glowing
A: large, unfitting armour, claws 3, regeneration 1, shaggy fur 1, tough skin 1
a: Renounce Religion, Berserk, Trog's Hand, Brothers in Arms


You were in the Dungeon.
You worshipped Trog.
Trog was exalted by your worship.
You visited 1 branch You collected 36 gold pieces.

Inventory:

Missiles
 p - 6 large rocks
Armour
 a - a +0 animal skin
 o - a +1 cloak (worn)
 q - +0 steam dragon scales
 r - a +3 troll leather armour (worn)
Jewellery
 k - a +3 ring of evasion (left claw)
 l - a +3 ring of intelligence
 u - a ring of protection from fire
 v - a ring of protection from fire
Wands
 x - a wand of charming (7)
 A - a wand of acid (9)
Scrolls
 g - a scroll of blinking
 i - 2 scrolls of vulnerability
 j - a scroll of summoning
 s - 4 scrolls of fog
 t - a scroll of enchant weapon
 w - 2 scrolls of identify
 y - 4 scrolls of fear
Potions
 b - 12 potions of curing
 c - 10 potions of heal wounds
 d - 2 potions of haste
 e - 4 potions of magic
 f - 5 potions of berserk rage
 h - 2 potions of invisibility
 m - 2 potions of resistance
 n - a potion of might
 z - a potion of enlightenment


   Skills:
 + Level 15.0 Fighting
 + Level 7.4 Armour
 + Level 14.9 Dodging
 + Level 17.5 Unarmed Combat


You had 11 spell levels left.
You didn't know any spells.
Your spell library was empty.

Dungeon Overview and Level Annotations

Branches:
Dungeon (1/1)

Altars:
Ashenzari
Cheibriados
Dithmenos
Elyvilon
Fedhas
Gozag
Hepliaklqana
Kikubaaqudgha
Makhleb
Nemelex Xobeh
Okawaru
Qazlal
Ru
Sif Muna
Trog
Uskayaw
Vehumet
Wu Jian
Xom
Yredelemnul
Zin
The Shining One
Jiyva
Lugonu


Innate Abilities, Weirdness & Mutations

You are too large for most types of armour.
You have claws for hands.
Your natural rate of healing is unusually fast.
You are covered in fur. (AC +1)
You have tough skin. (AC +1)


Message History

The emperor scorpion barely misses you.
You mangle the emperor scorpion!! You claw the emperor scorpion!
The emperor scorpion is heavily wounded.
The emperor scorpion stings you!! The emperor scorpion claws you.
The emperor scorpion barely misses you.
A fire crab comes into view.
You claw the emperor scorpion! x2
The emperor scorpion is almost dead.
The emperor scorpion stings you but does no damage.
The emperor scorpion closely misses you.
The emperor scorpion claws you but does no damage.
You scratch the emperor scorpion. You claw the emperor scorpion!
The emperor scorpion is almost dead.
The fire crab is engulfed in blessed fire.
You scratch the emperor scorpion but do no damage.
You claw the emperor scorpion.
You kill the emperor scorpion!
Trog accepts your kill. Trog grants you a weapon!
Something appears at your feet!
You see here a +2 bardiche of flaming.
The fire crab breathes flames at you.
The blast of flame engulfs you but does no damage.
Your Fighting skill increases to level 15!
Unknown command.
Unknown command.
Unknown command.
You are engulfed in blazing flames.
You scratch the ophan.
The ophan is lightly wounded.
You are engulfed in blazing flames.
You eviscerate the ophan!!!
The ophan is heavily wounded.
You are engulfed in blazing flames.
You hear a bellow!
You hear an angry hiss.
The ophan harnesses the cleansing power of fire!
The bolt of fire hits you!!!
* * * LOW HITPOINT WARNING * * *
The black draconian knight is engulfed in blessed fire.
The black draconian knight hits you from afar with a +1 halberd of protection!
You die...

...................''..........#
.################..##..#....#..#
.# #)# #..##..........+ .# #p#
#..##..........+ .# #G#
#..####''####''# .# #.#
#..####''####''## .# #.#
#..##.[.)..##....
.#############q##§.##.#)##.##....
...............G@§.##.#|.+.##..##
.............§§t§§.##.'.)#.##..#
########''###########.#.)'.##..#
########''###########.+).#.##..#
...............##..##.##'#.##..#
.....#..#......##..##......##..#
...............''..##########..#
...............''..##########..#
.....#..#......##...........)..#


You could see a black draconian knight (fast, invisible), an ophan and a fire
crab.

Vanquished Creatures
  An emperor scorpion (D)
  A stone giant (D)
  A yellow draconian (D)
  An alligator (D)
  A boulder beetle (D)
  A deep troll shaman (D)
  A sea snake (D)
  A deep elf pyromancer (D)
  A wolf spider (D)
  A cyclops (D)
  A guardian serpent (D)
  An eye of devastation (D)
  2 komodo dragons (D)
  A komodo dragon (shapeshifter) (D)
  2 ice devils (D)
  A hellwing (D)
  A troll (D)
  2 wandering mushrooms (D)
  A polar bear (D)
  A red devil (D)
  A tarantella (D)
  A snapping turtle (D)
  A shadow (D)
  A ynoxinul (D)
  2 wyverns (D)
  A water elemental (D)
  A wraith (D)
  A steam dragon (D)
  4 vampire mosquitoes (D)
  3 redbacks (D)
  A floating eye (D)
  A swamp drake (D)
  An orc warrior (D)
  An ice beast (D)
  An ogre (D)
  2 phantoms (D)
  A kobold brigand (D)
  A gnoll sergeant (D)
  A scorpion (D)
  A necrophage (D)
  A crimson imp (D)
  A quasit (D)
  A hound (D)
  2 orc priests (D)
  Jessica (D)
  An iguana (D)
  An adder (D)
  5 gnolls (D)
  A white imp (D)
  A worm (D)
  An orc (D)
  2 bats (D)
  A bat skeleton (D)
  An endoplasm (D)
  A giant cockroach (D)
  A goblin (D)
  A hobgoblin (D)
  2 kobolds (D)
75 creatures vanquished.

Vanquished Creatures (collateral kills)
  A spriggan defender (D)
  A boulder beetle (D)
  A wolf spider (D)
  A black mamba (D)
  An unseen horror (D)
  A yaktaur (D)
  A red devil (D)
  A hornet (D)
  A tarantella (D)
  An air elemental (D)
  A flying skull (D)
  A warg (D)
  An acid dragon (D)
  An orc warrior (D)
  An orc priest (D)
  An orc wizard (D)
  An endoplasm (D)
17 creatures vanquished.

Vanquished Creatures (others)
  A wind drake (D)
  A quokka (D)
2 creatures vanquished.

Grand Total: 94 creatures vanquished

Notes
Turn   | Place    | Note
-------+----------+-------------------------------------------
     0 | D        | sircluck the Troll Berserker began the quest for the Orb.
     0 | D        | Reached XP level 1. HP: 22/22 MP: 0/0
    11 | D        | Noticed a scorpion
    16 | D        | Killed a scorpion
    17 | D        | Reached skill level 5 in Unarmed Combat
    17 | D        | Reached XP level 2. HP: 22/33 MP: 1/1
    17 | D        | Reached XP level 3. HP: 27/40 MP: 2/2
    37 | D        | Found a bloodstained altar of Trog.
    37 | D        | Found a shimmering blue altar of Sif Muna.
    37 | D        | Found a viscous altar of Jiyva.
    37 | D        | Found a hazy altar of Hepliaklqana.
    37 | D        | Found an opulent altar of Gozag.
    38 | D        | Found a glowing golden altar of the Shining One.
    38 | D        | Found a glowing silver altar of Zin.
    38 | D        | Found a basalt altar of Yredelemnul.
    38 | D        | Found a shimmering altar of Xom.
    38 | D        | Found an ornate altar of the Wu Jian Council.
    38 | D        | Found a sacrificial altar of Ru.
    38 | D        | Found a stormy altar of Qazlal.
    38 | D        | Found an iron altar of Okawaru.
    38 | D        | Found a sparkling altar of Nemelex Xobeh.
    38 | D        | Found a burning altar of Makhleb.
    38 | D        | Found a blossoming altar of Fedhas.
    38 | D        | Found a white marble altar of Elyvilon.
    38 | D        | Found a shadowy altar of Dithmenos.
    38 | D        | Found a snail-covered altar of Cheibriados.
    41 | D        | Found a corrupted altar of Lugonu.
    41 | D        | Found a radiant altar of Vehumet.
    42 | D        | Found an ancient bone altar of Kikubaaqudgha.
    42 | D        | Found a hide-covered altar of Uskayaw.
    42 | D        | Found a broken altar of Ashenzari.
    76 | D        | Reached ** piety under Trog
    88 | D        | Noticed a phantom
    90 | D        | Reached XP level 4. HP: 49/49 MP: 3/3
    91 | D        | Reached *** piety under Trog
    95 | D        | Killed a phantom
    96 | D        | Reached skill level 5 in Fighting
    96 | D        | Reached skill level 5 in Dodging
    96 | D        | Reached skill level 6 in Unarmed Combat
    96 | D        | Reached XP level 5. HP: 52/58 MP: 4/4
   161 | D        | Reached **** piety under Trog
   168 | D        | Noticed an orc warrior
   169 | D        | Noticed Jessica
   172 | D        | Killed an orc warrior
   173 | D        | Reached skill level 7 in Unarmed Combat
   174 | D        | Reached XP level 6. HP: 62/68 MP: 5/5
   175 | D        | Reached skill level 8 in Unarmed Combat
   176 | D        | Reached ***** piety under Trog
   177 | D        | Killed Jessica
   181 | D        | Identified the +4 quick blade of a sewer {flame, rPois rF+
                  | Dex+4} (Trog gifted it to you in the Dungeon)
   181 | D        | Received a gift from Trog
   195 | D        | Noticed a floating eye
   199 | D        | Paralysed by a floating eye for 4 turns
   203 | D        | Killed a floating eye
   204 | D        | Reached skill level 9 in Unarmed Combat
   206 | D        | Reached XP level 7. HP: 73/79 MP: 6/6
   207 | D        | Noticed an ice devil
   213 | D        | Killed an ice devil
   214 | D        | Reached skill level 10 in Unarmed Combat
   265 | D        | Reached XP level 8. HP: 86/92 MP: 7/7
   281 | D        | Received a gift from Trog
   284 | D        | Reached ****** piety under Trog
   290 | D        | Reached skill level 11 in Unarmed Combat
   421 | D        | Reached skill level 10 in Fighting
   422 | D        | Reached skill level 10 in Dodging
   426 | D        | Reached skill level 12 in Unarmed Combat
   490 | D        | Noticed a wandering mushroom
   490 | D        | Noticed a komodo dragon
   499 | D        | Killed a komodo dragon
   500 | D        | Reached XP level 9. HP: 85/102 MP: 8/8
   504 | D        | Noticed a hellwing
   506 | D        | Killed a wandering mushroom
   506 | D        | Received a gift from Trog
   520 | D        | Killed a hellwing
   538 | D        | Noticed a wandering mushroom
   547 | D        | Killed a wandering mushroom
   548 | D        | Reached skill level 13 in Unarmed Combat
   556 | D        | Noticed a guardian serpent
   557 | D        | Noticed a cyclops
   561 | D        | Killed a guardian serpent
   567 | D        | Killed a cyclops
   605 | D        | Noticed a polar bear
   605 | D        | Noticed a wolf spider
   619 | D        | Killed a polar bear
   619 | D        | Received a gift from Trog
   639 | D        | Killed a wolf spider
   639 | D        | HP: 5/159 [tarantella (6)]
   640 | D        | Reached skill level 14 in Unarmed Combat
   640 | D        | Reached XP level 10. HP: 5/115 MP: 9/9
   878 | D        | Noticed a deep elf pyromancer
   892 | D        | Killed a deep elf pyromancer
   914 | D        | Noticed a boulder beetle
   920 | D        | Killed a boulder beetle
   920 | D        | Received a gift from Trog
   927 | D        | Noticed a sea snake
   933 | D        | Killed a sea snake
   934 | D        | Reached skill level 15 in Unarmed Combat
  1037 | D        | Received a gift from Trog
  1072 | D        | Noticed an eye of devastation
  1082 | D        | Killed an eye of devastation
  1083 | D        | Reached skill level 1 in Armour
  1236 | D        | Reached XP level 11. HP: 127/127 MP: 10/10
  1238 | D        | Received a gift from Trog
  1412 | D        | Noticed a boulder beetle
  1421 | D        | Reached skill level 16 in Unarmed Combat
  1421 | D        | Received a gift from Trog
  1428 | D        | Killed a boulder beetle
  1443 | D        | Received a gift from Trog
  1446 | D        | Reached skill level 5 in Armour
  1655 | D        | Noticed a yellow draconian
  1655 | D        | Noticed a stone giant
  1655 | D        | Noticed a spriggan defender
  1655 | D        | Noticed an alligator
  1655 | D        | Noticed a wolf spider
  1655 | D        | Noticed a deep troll shaman
  1658 | D        | Killed a stone giant
  1659 | D        | Killed a spriggan defender
  1659 | D        | Received a gift from Trog
  1662 | D        | Killed a wolf spider
  1668 | D        | Killed a deep troll shaman
  1669 | D        | Reached skill level 17 in Unarmed Combat
  1676 | D        | Killed a yellow draconian
  1682 | D        | Killed an alligator
  1684 | D        | Reached XP level 12. HP: 53/140 MP: 11/11
  1797 | D        | Noticed a black draconian knight
  1797 | D        | Noticed an ophan
  1798 | D        | Noticed an emperor scorpion
  1810 | D        | Killed an emperor scorpion
  1810 | D        | Received a gift from Trog
  1811 | D        | Reached skill level 15 in Fighting
  1813 | D        | Slain by a black draconian knight

Illustrated notes

Levels and vault maps discovered:
D:        pitsprint [storerooms_1, entrance_room_1, metal_vault_5, armoury_1,
          mini_pit_1, grid_room_1, main_hall_1, silver_pit, the_coven_3,
          the_vestibule_1, steel_vault_4, golden_pit, hallway_of_sentries,
          crystal_vault_1, iron_vault_3, final_vault]

Skill      XL: |  1  2  3  4  5  6  7  8  9 10 11 12 |
---------------+-------------------------------------+-----
Fighting       | 4 5 6 7 9 10 12 13 14 15 | 15.0
Dodging        | 4 5 6 7 8 10 11 13 14 | 14.9
Unarmed Combat | 5 6 7 9 10 12 14 15 17 | 17.5
Armour         | 2 7 |  7.4

Action                     |  1- 3 |  4- 6 |  7- 9 | 10-12 || total
---------------------------+-------+-------+-------+-------++-------
  Melee: Unarmed           |     9 |    28 |    82 |   107 ||   226
         Punch             |     2 |     2 |     8 |    13 ||    25
 Invoke: Berserk           |       |       |     3 |     1 ||     4
         Brothers in Arms  |       |       |       |     3 ||     3
    Use: Potion            |       |       |     3 |       ||     3
         Scroll            |       |       |       |     4 ||     4
 Armour: Animal skin       |     3 |    27 |    92 |     5 ||   127
         Steam dragon scal |       |       |       |    12 ||    12
         Troll leather arm |       |       |       |    54 ||    54
  Dodge: Dodged            |     5 |    17 |    68 |    61 ||   151

Table legend: (Time is in decaauts)
 A = Elapsed time spent in this place.
 B = Non-inter-level travel time spent in this place.
 C = Inter-level travel time spent in this place.
 D = Time resting spent in this place.
 E = Time spent auto-exploring this place.
 F = Levels seen in this place.
 G = Mean time per level.
                   A        B        C        D        E       F      G
               +--------+--------+--------+--------+--------+-----+--------+
         Total |   1796 |   1674 |    122 |    626 |    139 |   1 | 1796.0 |
       Dungeon |   1796 |   1674 |    122 |    626 |    139 |   1 | 1796.0 |
               +--------+--------+--------+--------+--------+-----+--------+

Top non-repeatable levels by time:
       D: 1796 daAuts
